Map: Lockdown LE

Players

시부야카논사랑해

  • Race: Zerg Zerg
  • League: Diamond

손목환자 - Winner!

  • Race: Terran Terran
  • League: Diamond

VOD

Have the link to the VOD?

Description

Time

  • Played on: July 31, 2026, 9:05 a.m.
  • Length: 23:27
Show
View Real Time Build Order
Export as new Build Order

시부야카논사랑해 Zerg 

Build Orders: Hatch First 

Get SALT Encoding   

  8  0:00  Drone  
  9  0:10  Drone  
  10  0:16  Drone  
  11  0:27  Overlord  
  11  0:33  Drone  
  12  0:45  Drone x2  
  14  0:52  Drone  
  15  1:11  Hatchery  
  15  1:15  Drone  
  15  1:18  Drone  
  16  1:22  Drone  
  17  1:37  Spawning Pool  
  17  1:39  Drone  
  17  1:42  Drone  
  17  1:47  Extractor  
  17  1:51  Drone  
  18  2:02  Drone  
  19  2:12  Overlord  
  19  2:21  Drone  
  20  2:26  Queen x2  
  24  2:30  Zergling x2  
  24  2:32  Zergling x2  
  26  2:39  Drone  
  26  2:40  Drone  
  26  2:43  Drone  
  29  2:48  Spore Crawler  
  28  2:58  Metabolic Boost  
  29  3:00  Drone  
  29  3:02  Overlord  
  30  3:10  Drone x2  
  32  3:19  Queen  
  32  3:20  Drone  
  32  3:21  Drone x2  
  32  3:23  Drone  
  38  3:41  Hatchery  
  37  3:44  Overlord  
  37  3:51  Drone x3, Overlord  
  40  4:05  Queen  
  40  4:08  Zergling x2  
  40  4:09  Zergling x8  
  47  4:12  Roach Warren  
  46  4:18  Queen  
  48  4:25  Drone  
  48  4:26  Drone x4  
  53  4:34  Drone x2  
  53  4:35  Drone  
  56  4:51  Overlord  
  56  4:52  Queen  
  58  4:53  Overlord x2  
  58  5:00  Drone x2  
  58  5:05  Lair  
  60  5:07  Extractor  
  60  5:08  Extractor  
  60  5:10  Spine Crawler, Drone x4  
  60  5:12  Drone x2  
  60  5:13  Drone  
  64  5:19  Roach x2  
  70  5:21  Roach  
  70  5:23  Roach  
  70  5:25  Drone  
  70  5:26  Drone  
  74  5:30  Drone x2  
  74  5:33  Drone  
  74  5:46  Drone x2  
  74  5:47  Drone x3  
  74  5:48  Drone x2  
  76  6:05  Glial Reconstitution  
  76  6:06  Hatchery  
  76  6:07  Evolution Chamber  
  76  6:08  Evolution Chamber, Overlord x3, Baneling Nest  
  76  6:10  Extractor  
  71  6:12  Drone x3  
  71  6:14  Drone  
  71  6:17  Drone  
  76  6:18  Overlord  
  76  6:24  Overlord x2  
  76  6:26  Drone  
  76  6:28  Drone x3  
  76  6:30  Drone x2  
  76  6:31  Drone  
  76  6:32  Drone  
  80  6:47  Overlord  
  80  6:48  Drone x4  
  80  6:51  Zerg Melee Weapons Level 1  
  84  6:55  Zerg Missile Weapons Level 1  
  84  6:56  Drone x3  
  84  6:57  Drone x3  
  84  7:00  Extractor x2, Drone x2  
  90  7:04  Overseer  
  90  7:06  Drone x2  
  90  7:07  Drone x3  
  95  7:10  Drone  
  95  7:11  Drone x2  
  98  7:18  Drone x5  
  103  7:23  Infestation Pit, Centrifugal Hooks  
  103  7:24  Drone x2  
  103  7:26  Drone x2  
  103  7:28  Drone  
  103  7:29  Drone  
  107  7:31  Drone  
  107  7:32  Drone  
  107  7:33  Drone  
  107  7:34  Drone  
  111  7:37  Drone  
  111  7:39  Drone  
  111  7:40  Spine Crawler  
  111  7:41  Drone x3  
  111  7:42  Drone  
  111  7:43  Zergling x2  
  117  7:46  Drone  
  117  7:47  Queen  
  120  7:52  Extractor x2  
  120  7:58  Roach x3  
  124  8:00  Hatchery, Roach  
  124  8:01  Roach  
  124  8:02  Roach  
  124  8:03  Roach  
  131  8:06  Roach x2  
  127  8:20  Drone x3  
  127  8:21  Drone x3  
  127  8:22  Drone x2  
  127  8:24  Ravager  
  127  8:26  Overlord x3  
  136  8:33  Baneling x6  
  136  8:35  Hive  
  136  8:40  Overlord x4  
  136  8:46  Spine Crawler  
  135  8:52  Zergling x8  
  135  8:53  Zergling x14  
  135  8:55  Zergling x2  
  147  8:59  Ravager x7  
  147  9:00  Ravager x4, Zergling x2  
  147  9:01  Zergling x6  
  162  9:04  Zergling x2  
  162  9:05  Zergling x2  
  162  9:08  Zergling x2  
  165  9:10  Zergling x2  
  166  9:18  Zergling x2  
  166  9:21  Zergling x2  
  166  9:22  Zergling x2  
  166  9:24  Zergling x8  
  166  9:30  Zergling x16  
  176  9:34  Baneling  
  176  9:35  Baneling x12  
  176  9:36  Zergling x6, Spire  
  176  9:37  Zerg Melee Weapons Level 2  
  178  9:38  Zerg Missile Weapons Level 2  
  178  9:40  Zergling x2  
  178  9:42  Zergling x2  
  178  9:44  Zergling x2  
  178  9:45  Zergling x4  
  183  9:56  Viper  
  183  9:57  Viper x2  
  191  10:04  Zergling x2  
  192  10:07  Zergling x6  
  195  10:27  Zergling x2  
  195  10:28  Zergling x18  
  140  10:44  Zergling x28  
  140  10:49  Zergling x6  
  152  10:51  Roach  
  152  10:52  Roach  
  152  10:53  Zerg Flyer Weapons Level 1  
  152  10:54  Neural Parasite  
  152  10:55  Zergling x4, Spire  
  157  11:00  Zergling x2, Spine Crawler  
  157  11:01  Spine Crawler x2, Zergling x4  
  157  11:06  Zergling x2  
  157  11:07  Zergling x2  
  159  11:12  Zergling x6  
  159  11:17  Zergling x2  
  159  11:18  Zergling x8  
  167  11:19  Baneling x5  
  167  11:20  Baneling x12  
  167  11:21  Roach x4  
  167  11:24  Drone  
  176  11:27  Drone  
  176  11:28  Hatchery  
  176  11:29  Zergling x4  
  176  11:31  Zergling x2  
  179  11:37  Pneumatized Carapace  
  179  11:39  Burrow  
  179  11:40  Adrenal Glands  
  179  11:42  Zergling x18  
  188  11:49  Zergling x2  
  188  11:50  Zergling x6  
  188  11:55  Zergling x4  
  137  12:20  Zergling x6  
  137  12:21  Zergling x28  
  142  12:24  Greater Spire  
  142  12:25  Zergling x2  
  143  12:32  Zergling x10  
  148  12:43  Queen  
  150  12:45  Zergling x6, Hatchery  
  150  12:46  Zergling x4  
  154  12:56  Roach x9  
  154  12:57  Roach, Zergling x2  
  154  12:58  Baneling x10  
  175  12:59  Baneling x10  
  175  13:02  Hatchery  
  175  13:03  Zergling x10  
  179  13:06  Zergling x4  
  179  13:11  Zergling x2  
  179  13:12  Zergling x2  
  183  13:16  Zergling x6  
  186  13:24  Zergling x10, Infestor  
  193  13:29  Zergling x4  
  193  13:31  Zerg Flyer Armor Level 1  
  195  13:46  Hatchery  
  194  13:53  Zergling x6  
  195  13:59  Zerg Flyer Weapons Level 2  
  195  14:02  Zerg Melee Weapons Level 3, Zerg Missile Weapons Level 3  
  195  14:06  Baneling x7  
  195  14:07  Baneling x11  
  195  14:14  Overlord  
  194  14:18  Overlord  
  194  14:19  Zergling x4  
  194  14:20  Zergling x2  
  193  14:30  Zergling x8  
  193  14:31  Zergling x28, Swarm Host  
  167  14:33  Zergling x4  
  167  14:35  Zergling x10  
  161  14:43  Zergling x6  
  161  14:44  Zergling x2  
  155  14:48  Corruptor x2  
  155  14:49  Corruptor x6  
  164  14:53  Zergling x2  
  164  14:54  Zergling x6  
  164  14:56  Zergling x2  
  164  14:59  Zergling x8  
  167  15:03  Zergling x4  
  167  15:04  Viper x3  
  177  15:08  Zergling x2  
  177  15:14  Overlord  
  178  15:15  Zergling x10  
  182  15:26  Drone x3  
  184  15:32  Drone  
  184  15:33  Drone x4  
  179  15:35  Drone  
  179  15:36  Drone  
  164  15:49  Zergling x2  
  138  15:52  Zergling x18  
  138  15:53  Zergling x4  
  125  15:58  Drone x3  
  125  16:00  Overlord  
  128  16:06  Drone  
  128  16:07  Drone x4  
  128  16:08  Drone  
  134  16:13  Overlord  
  134  16:14  Drone  
  134  16:15  Drone  
  136  16:28  Drone  
  136  16:29  Drone x7  
  143  16:35  Infestor  
  143  16:36  Overlord  
  143  16:38  Baneling x9  
  143  16:39  Zergling x6  
  146  16:48  Zergling x8  
  146  16:50  Zergling x6  
  146  16:51  Zergling x4  
  155  16:55  Hatchery  
  144  17:08  Drone x3  
  144  17:10  Drone x2  
  144  17:12  Drone x5  
  154  17:16  Drone x3  
  157  17:25  Drone  
  158  17:31  Infestor x4  
  158  17:32  Infestor x2  
  170  17:38  Corruptor x6  
  170  17:39  Corruptor  
  170  17:42  Drone x3  
  186  17:55  Drone  
  186  17:56  Drone x3  
  181  18:14  Brood Lord x8  
  181  18:15  Brood Lord  
  199  18:22  Overlord  
  199  18:24  Zergling x2  
  200  18:32  Zergling x2  
  200  18:39  Extractor  
  200  18:40  Extractor  
  168  19:07  Brood Lord x4  
  168  19:08  Brood Lord x2  
  173  19:20  Corruptor  
  173  19:21  Corruptor x6  
  187  19:35  Extractor  
  186  19:39  Hatchery, Extractor  
  172  19:58  Zergling x12  
  172  19:59  Zergling x48  
  198  20:06  Zerg Flyer Armor Level 2  
  198  20:11  Zergling x4  
  200  20:22  Extractor  
  200  20:23  Zergling x2  
  200  20:31  Zergling x4  
  184  20:43  Baneling  
  184  20:44  Baneling x12  
  172  20:54  Zergling x18  
  172  20:55  Zergling x8  
  142  21:09  Zergling x24  
  142  21:10  Zergling x18  
  148  21:20  Zergling x4  
  148  21:23  Roach x5  
  158  21:30  Roach x6, Extractor  
  167  21:32  Baneling  
  167  21:33  Baneling x11  
  167  21:37  Zergling x4  
  167  21:38  Zergling x2  
  168  21:43  Roach x2  
  168  21:44  Roach x3  
  174  21:48  Roach x6  
  174  21:49  Roach  
  174  21:51  Extractor  
  183  21:55  Zergling x12  
  183  21:57  Zergling x2  
  183  22:00  Zergling x6  
  190  22:06  Zergling x4  
  190  22:07  Zergling x2, Extractor  
  191  22:08  Infestor x3  
  191  22:11  Zergling x6  
  197  22:17  Zergling x4  
  197  22:18  Zergling x2  
  200  22:29  Infestor x2  
  196  22:33  Zergling x8  
  196  22:37  Zergling x2  
  194  22:44  Infestor x2  
  194  22:48  Zergling x2  
Show
View Real Time Build Order
Export as new Build Order

손목환자 Terran - Winner!

Build Orders: Reaper Expand, Mech 

Get SALT Encoding   

  8  0:00  SCV  
  9  0:12  SCV  
  10  0:25  SCV  
  11  0:28  Supply Depot  
  11  0:37  SCV  
  12  0:49  SCV  
  13  0:55  Barracks  
  13  1:02  Refinery  
  13  1:06  SCV  
  14  1:18  SCV  
  15  1:30  SCV  
  16  1:42  Orbital Command  
  16  1:46  Reaper  
  17  2:02  Command Center  
  17  2:09  SCV  
  18  2:20  Marine  
  18  2:21  SCV  
  20  2:27  Factory  
  20  2:33  Supply Depot  
  20  2:34  SCV  
  21  2:42  Barracks Reactor  
  21  2:55  SCV  
  22  3:07  SCV  
  22  3:09  Command Center  
  23  3:15  Refinery  
  23  3:19  SCV, Orbital Command  
  24  3:27  Hellion  
  24  3:33  Hellion, Barracks Tech Lab  
  28  3:37  SCV  
  29  3:44  Factory  
  29  3:50  Hellion  
  29  3:54  SCV  
  32  4:03  SCV  
  32  4:06  Hellion, SCV  
  36  4:11  Hellion  
  36  4:15  SCV  
  39  4:18  SCV  
  40  4:27  Orbital Command  
  40  4:28  SCV  
  40  4:30  SCV  
  42  4:32  Factory  
  42  4:40  SCV  
  42  4:41  Siege Tank  
  42  4:42  SCV  
  47  4:51  Refinery  
  47  4:52  SCV  
  48  4:54  Hellion x2, SCV  
  53  5:01  SCV  
  53  5:05  SCV  
  55  5:07  Barracks Tech Lab  
  55  5:15  Refinery  
  55  5:21  Orbital Command  
  55  5:27  Supply Depot  
  55  5:28  Engineering Bay  
  55  5:38  Factory  
  55  5:39  Armory  
  55  5:40  Armory  
  55  5:42  Barracks Tech Lab  
  55  5:43  SCV x2  
  55  5:47  Siege Tank  
  49  5:50  Hellion x2  
  49  5:52  Supply Depot  
  49  5:53  SCV  
  49  5:55  SCV x2, Siege Tank  
  59  5:58  Infernal Pre-Igniter  
  59  6:05  SCV  
  59  6:07  Missile Turret  
  59  6:10  Missile Turret  
  60  6:11  SCV  
  60  6:12  SCV  
  62  6:23  SCV  
  63  6:26  Siege Tank  
  66  6:33  SCV  
  66  6:35  Supply Depot  
  66  6:39  Thor  
  65  6:47  Siege Tank, Hellion  
  65  6:53  Supply Depot  
  70  6:57  Terran Vehicle Weapons Level 1, Hellion  
  70  7:01  Terran Vehicle And Ship Armor Level 1  
  72  7:04  Refinery  
  72  7:05  SCV x2, Refinery  
  72  7:06  Command Center  
  74  7:11  Supply Depot x2, SCV  
  75  7:16  Supply Depot  
  75  7:22  Thor  
  75  7:24  SCV x2  
  75  7:29  Hellion x2  
  87  7:30  SCV  
  87  7:36  SCV x2  
  90  7:38  Supply Depot  
  90  7:43  SCV  
  91  7:48  Barracks Tech Lab, SCV x2  
  91  7:51  Hellion x2  
  97  7:54  Factory  
  97  7:56  SCV  
  98  8:00  SCV x2  
  98  8:01  Supply Depot x2  
  100  8:08  SCV  
  97  8:17  Siege Tank  
  97  8:18  Siege Tank, Hellion x3  
  97  8:19  Orbital Command  
  105  8:22  SCV  
  105  8:24  SCV x2  
  108  8:30  Command Center  
  109  8:34  SCV  
  109  8:39  Hellion  
  111  8:45  SCV x2  
  111  8:46  Starport  
  114  8:54  Command Center  
  113  9:01  Orbital Command  
  113  9:03  Siege Tank x3  
  113  9:05  Hellion x2  
  113  9:08  SCV  
  127  9:20  Hellion  
  121  9:28  SCV x3  
  121  9:29  SCV  
  121  9:34  Thor x2  
  121  9:35  Siege Tank  
  121  9:38  Starport Reactor, Barracks Tech Lab  
  136  9:40  SCV  
  136  9:43  Siege Tank  
  136  9:44  Hellion x2  
  144  9:47  Terran Vehicle Weapons Level 2  
  144  9:51  Terran Vehicle And Ship Armor Level 2  
  144  9:54  SCV x2, Supply Depot  
  144  9:55  Supply Depot  
  144  9:59  Refinery  
  146  10:02  Command Center, Planetary Fortress  
  146  10:04  Command Center  
  146  10:06  Hellion x2  
  154  10:07  Orbital Command  
  153  10:14  Siege Tank  
  153  10:15  Siege Tank  
  153  10:16  Refinery  
  153  10:18  Liberator, Hellion  
  161  10:25  Orbital Command  
  161  10:26  Hellion  
  149  10:32  Hellion  
  129  10:39  Siege Tank, Hellion  
  118  10:46  Siege Tank  
  118  10:48  Hellion  
  123  10:53  SCV  
  123  10:54  Refinery  
  123  10:55  SCV x3  
  123  10:56  SCV  
  128  11:01  Siege Tank  
  128  11:03  Hellion x2  
  135  11:05  SCV  
  135  11:06  Hellion x2  
  135  11:07  SCV x2  
  135  11:08  SCV x2, Hellion x4  
  135  11:09  Siege Tank  
  145  11:11  Command Center, Hellbat  
  145  11:18  SCV, Hellbat  
  148  11:19  SCV  
  148  11:20  SCV x3  
  148  11:24  Hellbat  
  154  11:30  SCV  
  154  11:31  Orbital Command x2  
  154  11:32  Siege Tank  
  158  11:33  Siege Tank  
  158  11:39  Hellbat, Siege Tank  
  166  11:41  Siege Tank  
  166  11:45  Hellion  
  171  12:01  Hellbat  
  165  12:02  Liberator  
  165  12:04  Siege Tank  
  165  12:05  Siege Tank  
  165  12:07  Hellion  
  172  12:12  Siege Tank  
  172  12:13  Hellbat  
  154  12:20  SCV  
  154  12:22  Hellion  
  148  12:25  Command Center  
  148  12:28  Hellion  
  154  12:32  SCV  
  154  12:34  Hellion  
  155  12:37  Hellion, Siege Tank, Factory  
  155  12:43  Hellbat  
  155  12:44  Siege Tank  
  163  12:50  Hellbat  
  165  12:56  Hellion  
  172  12:58  Hellion  
  169  13:09  Siege Tank  
  169  13:12  Orbital Command  
  172  13:16  Siege Tank  
  172  13:17  Hellbat x2, Siege Tank  
  172  13:18  Viking x2  
  172  13:19  Siege Tank  
  189  13:26  Factory  
  189  13:44  Hellion x5  
  189  13:45  Orbital Command  
  189  13:48  Viking x2  
  193  13:51  Terran Vehicle Weapons Level 3  
  193  13:52  Terran Vehicle And Ship Armor Level 3  
  191  14:16  Siege Tank, Hellbat  
  196  14:18  Liberator  
  199  14:30  Siege Tank, Hellbat  
  171  14:32  Siege Tank, Hellbat  
  171  14:37  Hellbat  
  150  14:48  Siege Tank  
  150  14:52  Hellbat  
  155  14:53  Siege Tank  
  155  14:59  Hellbat, Siege Tank  
  159  15:02  Siege Tank, Smart Servos  
  159  15:04  Hellion  
  160  15:13  Hellion  
  162  15:20  Siege Tank, Hellion  
  167  15:21  Command Center  
  167  15:24  Command Center  
  167  15:25  Siege Tank x2, Command Center, Refinery  
  167  15:26  Refinery  
  170  15:32  Hellion  
  170  15:34  Siege Tank, Hellion  
  174  15:41  Hellion  
  158  15:52  Thor  
  158  15:53  Thor  
  158  15:56  Hellion x4  
  159  15:57  Thor  
  165  16:06  Thor x2  
  165  16:08  Hellion x2  
  181  16:29  Hellion  
  183  16:39  Thor x2  
  185  17:20  Orbital Command  
  185  17:21  Orbital Command x2, Command Center  
  185  17:23  Command Center  
  185  17:25  Command Center  
  185  17:36  Planetary Fortress  
  185  17:39  Hellion x3  
  185  18:06  Hellion  
  185  18:17  Siege Tank x4  
  197  18:34  Planetary Fortress  
  197  18:37  Terran Ship Weapons Level 1  
  197  18:46  Hellbat  
  197  18:47  Hellbat x2  
  194  18:49  Hellbat x3  
  194  18:54  Widow Mine  
  167  19:08  Siege Tank, Hellbat x2  
  171  19:10  Hellbat  
  171  19:11  Hellion  
  171  19:13  Thor  
  171  19:15  Thor  
  166  19:29  Hellbat x2, Command Center  
  170  19:31  Thor  
  170  19:32  Hellbat  
  175  19:40  Hellbat  
  155  19:53  Thor  
  155  19:54  Hellion x2  
  155  19:56  Thor  
  155  19:58  Thor  
  163  20:01  Thor  
  163  20:04  Viking x2  
  157  20:14  Thor  
  157  20:15  Hellion, Hellbat  
  151  20:34  Viking x2  
  147  20:36  Thor, Hellbat  
  147  20:39  Thor  
  147  20:40  Thor  
  167  20:44  Thor  
  148  21:07  Orbital Command  
  130  21:28  Hellion x2  
  134  21:40  Orbital Command  
  134  21:56  Hellion x4  
  142  22:13  Siege Tank  
  142  22:14  Siege Tank x2  
  151  22:29  Orbital Command  
  151  22:48  Siege Tank x4  
  151  22:49  Siege Tank  
  151  22:50  Refinery  
  151  22:51  Hellbat  
  168  22:53  Refinery  
Tags
 
Add a new tag
Caveats
  • Supply blocks, unpowered buildings, or Contaminate may cause inaccurate times.
  • Supply counts are checked every 10 seconds.